 Dungeon Crawl Stone Soup version 0.31-a0-431-g88bdf31460 (webtiles) character file.

Game seed: 14596110656228475659

25 shadowstone the Shooter (level 3, -1/24 HPs)
             Began as an Octopode Hunter on July 31, 2023.
             Was a Follower of Zin.
             Succumbed to an adder's poison
             ... on level 2 of the Dungeon.
             The game lasted 00:05:05 (756 turns).

shadowstone the Shooter (Octopode Hunter)            Turns: 756, Time: 00:05:05

Health: -1/24      AC:  1    Str: 10    XL:     3   Next: 6%
Magic:  3/3        EV: 13    Int: 11    God:    Zin [*.....]
Gold:   24         SH:  0    Dex: 17    Spells: 2/2 levels left

rFire   . . .        a - +0 shortbow
rCold   . . .        (shield currently unavailable)
rNeg    . . .        (helmet restricted)
rPois   .            (no amulet)
rElec   .            (no ring)
rCorr   .            (no ring)
SInv    .            (no ring)
Will    .....        (no ring)
Stlth   +++          (no ring)
HPRegen 0.24/turn    (no ring)
MPRegen 0.08/turn    (no ring)
                     (no ring)

%: no passive effects
@: lethally poisoned (-1 -> -7)
A: almost no armour, amphibious, 8 rings, camouflage 1, gelatinous body 1,
(nimble swimmer 1), tentacles
a: Renounce Religion, Recite, Donate Gold


You were on level 2 of the Dungeon.
You worshipped Zin.
Zin was aware of your devotion.
You visited 1 branch of the dungeon, and saw 2 of its levels.

You collected 52 gold pieces.
You donated 28 gold pieces to Zin.

Inventory:

Hand Weapons
 a - a +0 shortbow (weapon)
Scrolls
 b - a scroll of butterflies
 d - a scroll of identify {unknown}
 e - a scroll of blinking {unknown}
 f - a scroll of fear {unknown}
 g - a scroll of immolation {unknown}
 j - a scroll of revelation {unknown}
Potions
 c - a potion of curing {unknown}
 h - a potion of heal wounds {unknown}
 i - a potion of mutation {unknown}


   Skills:
 + Level 2.0 Fighting
 + Level 4.8 Ranged Weapons
 + Level 2.0 Dodging
 + Level 1.3 Stealth
 * Level 0.2 Spellcasting


You had 2 spell levels left.
You didn't know any spells.
Your spell library contained the following spells:

 Spells                   Type           Power      Damage    Failure   Level
 Portal Projectile        Hex/Tloc       0%         N/A       71%         3
 Tukima's Dance           Hex            0%         N/A       71%         3
 Volatile Blastmotes      Fire/Tloc      0%         2d10      71%         3
 Fulminant Prism          Conj/Hex       0%         3d5       98%         4
 Iskenderun's Mystic Bla  Conj/Tloc      0%         2d3       98%         4


Dungeon Overview and Level Annotations

Branches:
Dungeon (2/15)

Altars:
Zin


Innate Abilities, Weirdness & Mutations

You cannot wear most types of armour.
You are amphibious.
You can wear up to eight rings at the same time.
Your skin changes colour to match your surroundings (Stealth+).
Your rubbery body absorbs attacks. (AC +1, EV +1)
((You are camouflaged when in or above water. (Stealth+)))
You have tentacles for arms and can constrict up to eight enemies at once.


Message History

You shoot an arrow. The arrow closely misses the adder.
You feel sick.
You are no longer poisoned.
The rat barely misses you. The adder barely misses you. The rat bites you.
You shoot an arrow. The arrow hits the adder.
The adder is moderately wounded.
The adder closely misses you. The adder completely misses you.
The rat bites you.
You are too injured to fight recklessly!
You are too injured to fight recklessly!
You are too injured to fight recklessly!
You are too injured to fight recklessly!
You are too injured to fight recklessly!
You are too injured to fight recklessly!
You are too injured to fight recklessly!
You shoot an arrow. The arrow closely misses the adder.
The adder closely misses you. The rat barely misses you.
You shoot an arrow.
The arrow hits the adder but does no damage.
The adder is moderately wounded.
The adder bites you. The rat bites you. The adder closely misses you.
You shoot an arrow. The arrow misses the adder.
The adder closely misses you. The rat closely misses you.
The adder barely misses you.
You shoot an arrow. The arrow hits the adder.
The adder is severely wounded.
The rat bites you.
* * * LOW HITPOINT WARNING * * *
The adder barely misses you. The rat barely misses you.
You shoot an arrow. The arrow misses the adder.
The adder bites you.
* * * LOW HITPOINT WARNING * * *
The adder bites you but does no damage. The rat closely misses you.
You shoot an arrow.
The arrow hits the adder but does no damage.
The adder is severely wounded.
The adder bites you.
* * * LOW HITPOINT WARNING * * *
You are lethally poisoned!
The adder poisons you! The rat barely misses you.
You shoot an arrow. The arrow hits the adder!
You kill the adder!
You die...

#... #... ##########
#.. .........# #..
#####.##.#######.### #
###†##........... #
#.....########.# # #
#(###........!.##).###
###.#
#.#####..#@r......
.(..# #.# #....##..##.
##......# #.#(.# .#
#..###..### #.#..# #
#..# ..... ......#
#..##...# .........
#..##...##.##..#..##
#..##...... ..###.#
...<....#


You could see a rat.

Vanquished Creatures
  An adder (D:2)
  A worm (D:2)
  An endoplasm (D:1)
  3 giant cockroaches
  3 goblins (D:1)
  3 hobgoblins (D:1)
  2 quokkas (D:1)
  A ball python (D:1)
  4 bats
  3 kobolds
22 creatures vanquished.

Notes
Turn   | Place    | Note
-------+----------+-------------------------------------------
     0 | D:1      | shadowstone the Octopode Hunter began the quest for the
                  | Orb.
     0 | D:1      | Reached XP level 1. HP: 14/14 MP: 1/1
   199 | D:1      | Reached XP level 2. HP: 19/19 MP: 2/2
   468 | D:1      | Found a faded altar of an unknown god.
   530 | D:1      | Prayed at the altar of an unknown god.
   530 | D:1      | Became a worshipper of Zin the Law-Giver
   530 | D:1      | Reached * piety under Zin
   555 | D:1      | Donated 23 gold pieces to Zin
   720 | D:2      | Reached XP level 3. HP: 24/24 MP: 3/3
   755 | D:2      | HP: 1/24 [adder (1)]
   756 | D:2      | Succumbed to an adder's poison

Illustrated notes

Levels and vault maps discovered:
D:1:      nicolae_arrival_memento_mori, layout_loops_ring,
          nicolae_ecumenical_lake_church, serial_forest,
          infiniplex_forest_end_2, infiniplex_forest_straight_2,
          infiniplex_forest_end_2, infiniplex_forest_clump_cross,
          infiniplex_forest_lined_2, infiniplex_forest_zigzag_1,
          infiniplex_forest_corner_2, serial_shops, shop
D:2:      layout_loops_ring, basic_altar

Action                     || total
---------------------------++-------
   Fire: Shortbow          ||    74
 Invoke: Donate Gold       ||     1
 Armour: Skin              ||     4
  Dodge: Dodged            ||    32

Table legend: (Time is in decaauts)
 A = Elapsed time spent in this place.
 B = Non-inter-level travel time spent in this place.
 C = Inter-level travel time spent in this place.
 D = Time resting spent in this place.
 E = Time spent auto-exploring this place.
 F = Levels seen in this place.
 G = Mean time per level.
                   A        B        C        D        E       F      G
               +--------+--------+--------+--------+--------+-----+--------+
         Total |    768 |    746 |     22 |     43 |    180 |   2 |  384.0 |
       Dungeon |    768 |    746 |     22 |     43 |    180 |   2 |  384.0 |
               +--------+--------+--------+--------+--------+-----+--------+

Top non-repeatable levels by time:
     D:1: 682 daAuts
     D:2: 86 daAuts
